 Dungeon Crawl Stone Soup version 0.31-a0-986-g5e6e4ef867 (webtiles) character file.

Game seed: 11442387484688939268

97 gelatine the Covered (level 4, -3/35 HPs)
             Began as a Demonspawn Fighter on Nov 14, 2023.
             Slain by an orc
             ... wielding a +0 trident
              (6 damage)
             ... on level 2 of the Dungeon.
             The game lasted 00:02:31 (1159 turns).

gelatine the Covered (Demonspawn Fighter)           Turns: 1159, Time: 00:02:32

Health: -3/35      AC:  5    Str: 18    XL:     4   Next: 42%
Magic:  4/4        EV: 10    Int: 10    God:
Gold:   44         SH:  4    Dex: 12    Spells: 3/3 levels left

rFire   . . .        a - +0 war axe
rCold   . . .        c - +0 buckler
rNeg    . . .        g - +0 ring mail
rPois   .            (no helmet)
rElec   .            (no cloak)
rCorr   .            (no gloves)
SInv    .            (no boots)
Will    .....        (no amulet)
Stlth   +            (no ring)
HPRegen 0.25/turn    (no ring)
MPRegen 0.18/turn

%: no passive effects
@: lethally poisoned (-3 -> -13)
A: magic regeneration
a: no special abilities


You were on level 2 of the Dungeon.
You visited 1 branch of the dungeon, and saw 2 of its levels.

You collected 44 gold pieces.

Inventory:

Hand Weapons
 a - a +0 war axe (weapon)
Armour
 b - a +0 scale mail
 c - a +0 buckler (worn)
 g - a +0 ring mail (worn)
Scrolls
 e - 2 scrolls of fear {unknown}
 i - 2 scrolls of identify {unknown}
Potions
 d - a potion of might
 h - a potion of resistance {unknown}


   Skills:
 * Level 3.4 Fighting
 * Level 2.7 Axes
 + Level 0.1 Throwing
 * Level 3.5 Armour
 * Level 1.0 Dodging
 + Level 0.1 Stealth
 * Level 3.0 Shields


You had 3 spell levels left.
You didn't know any spells.
Your spell library was empty.

Dungeon Overview and Level Annotations

Branches:
Dungeon (2/15)

Altars:


Innate Abilities, Weirdness & Mutations

You regenerate magic rapidly.


Message History

a +0 club; an orc corpse You hit the orc.
The orc is moderately wounded.
The orc hits you but does no damage.
You hit the orc.
The orc is moderately wounded.
The orc hits you but does no damage.
A frilled lizard comes into view.
You barely miss something.
The frilled lizard hisses angrily.
The orc hits you from afar with a +0 trident.
Something hits you but does no damage.
You are poisoned.
Unknown command.
You closely miss something.
You feel very sick. You block the orc's attack.
You feel sick. Something hits you. You block the orc's attack.
You hit the orc but do no damage.
The orc is moderately wounded.
You slash something!
You feel sick. Something hits you but does no damage.
You are more poisoned.
The orc hits you but does no damage. Something hits you but does no damage.
You are lethally poisoned!
The orc misses you.
You closely miss the orc.
The orc is moderately wounded.
You hit something.
Reactivating autopickup.
You feel a bit more experienced.
You feel very sick. The orc barely misses you.
You closely miss the orc.
The orc is moderately wounded.
* * * LOW HITPOINT WARNING * * *
You feel very sick. The orc hits you with a +0 trident.
* * * LOW HITPOINT WARNING * * *
The orc hits you with a +0 trident.
You die...

........ #...........
........ .#o#...........
.......$ g.....o.<....#
........ ................
..............##..##..##.
..........##......# .#
)......##...#..##(# ..
<..[...####....##o## # ##
)..............)@(.#.##
g......# ####..).#....#
g...#..# #...#l........
....# .# #...†.#####...
..... . #...#.# #. ...#(.
#.)<#.# .............##..
....... #... .......
.#...


You could see an orc, a hobgoblin (wandering) and a frilled lizard.

Vanquished Creatures
  Terence (D:1)
  An orc wizard (D:2)
  2 adders
  3 orcs (D:2)
  2 bats
  2 endoplasms (D:1)
  2 giant cockroaches
  2 goblins
  4 hobgoblins (D:1)
  2 jackals (D:1)
  2 kobolds
  A ball python (D:2)
  2 frilled lizards (D:1)
  A rat (D:1)
27 creatures vanquished.

Notes
Turn   | Place    | Note
-------+----------+-------------------------------------------
     0 | D:1      | gelatine the Demonspawn Fighter began the quest for the
                  | Orb.
     0 | D:1      | Reached XP level 1. HP: 18/18 MP: 1/1
   348 | D:1      | Gained mutation: You regenerate magic rapidly. [demonic
                  | ancestry]
   348 | D:1      | Reached XP level 2. HP: 24/24 MP: 2/2
   493 | D:1      | Found a faded altar of an unknown god.
   967 | D:1      | Reached XP level 3. HP: 24/29 MP: 3/3
  1085 | D:2      | Noticed Terence
  1097 | D:1      | Killed Terence
  1098 | D:1      | Reached skill level 1 in Dodging
  1143 | D:2      | Reached XP level 4. HP: 35/35 MP: 4/4
  1159 | D:2      | Slain by an orc

Illustrated notes

Levels and vault maps discovered:
D:1:      dpeg_arrival_fog, layout_loops_corners, ebering_ecumenical_altar_mist
D:2:      layout_rooms, minmay_tromino_mix6, uniq_terence

Skill      XL: |  1  2  3 |
---------------+----------+-----
Axes           | 2 |  2.7
Armour         | 3 |  3.5
Dodging        | 1 |  1.0
Shields        | 3 |  3.0
Fighting       | |  3.4
Throwing       | |  0.1
Stealth        | |  0.1

Action                     |  1- 3 |  4- 6 || total
---------------------------+-------+-------++-------
  Melee: War axe           |    57 |    11 ||    68
  Throw: Javelin           |     7 |     1 ||     8
 Armour: Scale mail        |     9 |       ||     9
         Ring mail         |    42 |    12 ||    54
  Dodge: Dodged            |    31 |     3 ||    34
  Block: Buckler           |    11 |     2 ||    13

Table legend: (Time is in decaauts)
 A = Elapsed time spent in this place.
 B = Non-inter-level travel time spent in this place.
 C = Inter-level travel time spent in this place.
 D = Time resting spent in this place.
 E = Time spent auto-exploring this place.
 F = Levels seen in this place.
 G = Mean time per level.
                   A        B        C        D        E       F      G
               +--------+--------+--------+--------+--------+-----+--------+
         Total |   1192 |   1094 |     98 |      0 |    878 |   2 |  596.0 |
       Dungeon |   1192 |   1094 |     98 |      0 |    878 |   2 |  596.0 |
               +--------+--------+--------+--------+--------+-----+--------+

Top non-repeatable levels by time:
     D:1: 1153 daAuts
     D:2: 39 daAuts
